 Dungeon Crawl Stone Soup version 0.20.1-1-g8b1a95d (webtiles) character file.

3794 kaze the Blocker (level 10, -2/88 HPs)
             Began as a Gargoyle Fighter on Oct 22, 2017.
             Was a Follower of Trog.
             Slain by a two-headed ogre
             ... wielding a cursed -1 giant club
              (3 damage)
             ... on level 8 of the Dungeon.
             The game lasted 00:17:40 (6119 turns).

kaze the Blocker (Gargoyle Fighter)                 Turns: 6119, Time: 00:17:41

Health: -2/88      AC: 25    Str: 22    XL:     10   Next: 16%
Magic:  10/10      EV:  2    Int: 10    God:    Trog [*.....]
Gold:   582        SH: 17    Dex:  9    Spells: 9/9 levels left

rFire    . . .     SeeInvis .   a - +0 flail
rCold    . . .     Gourm    .   j - +0 large shield
rNeg     + + +     Faith    .   (armour currently unavailable)
rPois    ∞         Spirit   .   (helmet currently unavailable)
rElec    .         Reflect  .   (cloak currently unavailable)
rCorr    .         Harm     .   (gloves currently unavailable)
MR       .....     NoTele   +   (boots currently unavailable)
Stlth    +.........             (no amulet)
Regen    0.3/turn               (no ring)
MPRegen  0.2/turn               (no ring)

@: tree-form, berserk cooldown, slowed, very slow
A: negative energy resistance 1, evolution 1, petrification resistance, rot
immunity, AC +7
a: Berserk, Burn Spellbooks, Renounce Religion


You were on level 8 of the Dungeon.
You worshipped Trog.
Trog was aware of your devotion.
You were hungry.
You were a tree.
You visited 1 branch of the dungeon, and saw 8 of its levels.

You collected 582 gold pieces.

Inventory:

Hand Weapons
 a - a +0 flail (weapon)
 A - a +2 spear of venom
Missiles
 u - 3 tomahawks (quivered)
Armour
 c - a +0 plate armour (melded)
 j - a +0 large shield (worn)
 r - a +1 pair of gloves (melded)
 z - a +2 helmet of intelligence (melded)
Wands
 e - a wand of clouds (5/9)
Scrolls
 d - a scroll of remove curse
 k - a scroll of recharging
 l - 3 scrolls of immolation
 p - 2 scrolls of teleportation
Potions
 b - a potion of lignification
 g - 2 potions of ambrosia
 h - a potion of brilliance
 m - a potion of flight
 q - 2 potions of haste
 s - 2 potions of agility
 w - a potion of magic
 B - 2 potions of curing
Comestibles
 f - 2 bread rations
 n - 5 meat rations
 x - 3 royal jellies


   Skills:
 + Level 5.1 Fighting
 + Level 8.0 Maces & Flails
 + Level 7.5 Armour
 + Level 1.3 Dodging
 + Level 1.0 Stealth
 + Level 10.7 Shields


You had 9 spell levels left.
You didn't know any spells.

Dungeon Overview and Level Annotations

Branches:
Dungeon (8/15)             Temple (0/1) D:4
   Lair: D:8-11

Altars:
Cheibriados
Hepliaklqana
Kikubaaqudgha
Ru
Sif Muna
Trog
Vehumet
Zin

Shops:
D:4 [   D:6 !}

Annotations:
D:8 Maurice


Innate Abilities, Weirdness & Mutations

You are resistant to torment.
((Your stone body is resilient. (AC +7)))
You are immune to poison.
You resist negative energy. (rN+)
((You are resistant to electric shocks. (rElec)))
((You can survive without breathing.))
You are immune to petrification.
You are immune to rotting.
((Your large and strong wings let you fly indefinitely.))
You evolve.


Message History

The two-headed ogre is moderately wounded.
You block the hornet's attack. x2; You block the two-headed ogre's attack. x2
The hornet stings you but does no damage.
Unknown command.
Your shield prevents you from hitting the two-headed ogre.
The two-headed ogre is moderately wounded.
The smoke demon disappears in a puff of smoke!
You block the hornet's attack.
The two-headed ogre hits you with a giant club!
* * * LOW HITPOINT WARNING * * *
The two-headed ogre hits you with a giant club.
* * * LOW HITPOINT WARNING * * *
The hornet stings you but does no damage. x2
Your shield prevents you from hitting the two-headed ogre.
The two-headed ogre is moderately wounded.
The hornet stings you.
* * * LOW HITPOINT WARNING * * *
The kobold demonologist casts a spell.
The two-headed ogre hits you with a giant club.
You die...

.. #. #####.
#....Z# .......##
.......<# .......(#
.......{#########..
.......Zcy♣OK4a5...
........#########.#
........# ....?...#
........# ...c....#
........# ......#


You could see a two-headed ogre, a kobold demonologist, a hornet, a chaos spawn,
a centaur, a worker ant, a shadow imp and a howler monkey zombie.

Vanquished Creatures
  Pikel (D:7)
  The ghost of Fingolfin the Spear-Bearer, a novice MiFi of the Shining One (D:6)
  Prince Ribbit (D:7)
  Menkaure (D:7)
  An orc warrior (D:7)
  A sky beast (D:7)
  An ice beast (D:5)
  2 ogres
  A necrophage (D:8)
  4 centaurs (D:6)
  A big kobold (D:6)
  5 bullfrogs
  2 gnoll sergeants (D:6)
  A wyvern skeleton (D:6)
  3 scorpions
  3 killer bees (D:7)
  A howler monkey (D:5)
  A crimson imp (D:6)
  4 hounds
  7 orc priests
  A jelly (D:7)
  5 orc wizards
  3 worker ants
  Natasha (twice) (D:3)
  A worker ant zombie (D:6)
  14 gnolls
  4 adders
  An adder zombie (D:7)
  2 worms
  A dart slug (D:3)
  A leopard gecko (D:4)
  15 orcs
  A ball python (D:4)
  5 bats
  7 giant cockroaches
  7 goblins
  17 hobgoblins
  10 kobolds
  6 quokkas
  2 frilled lizards
  A giant cockroach zombie (D:5)
  A leopard gecko zombie (D:7)
  10 rats
159 creatures vanquished.

Vanquished Creatures (others)
  A bullfrog (D:7)
  A worker ant (D:7)
  An iguana (D:7)
  2 plants (D:6)
5 creatures vanquished.

Grand Total: 164 creatures vanquished

Notes
Turn   | Place    | Note
-------+----------+-------------------------------------------
     0 | D:1      | kaze the Gargoyle Fighter began the quest for the Orb.
     0 | D:1      | Reached XP level 1. HP: 14/14 MP: 1/1
   163 | D:1      | Reached XP level 2. HP: 16/19 MP: 2/2
   710 | D:2      | Reached XP level 3. HP: 22/23 MP: 3/3
   721 | D:2      | Reached skill level 4 in Shields
   851 | D:2      | Reached XP level 4. HP: 26/28 MP: 4/4
  1366 | D:3      | Reached XP level 5. HP: 9/33 MP: 5/5
  1643 | D:3      | Noticed Natasha
  1655 | D:3      | Killed Natasha
  1660 | D:3      | Found a radiant altar of Vehumet.
  1665 | D:3      | Found an ancient bone altar of Kikubaaqudgha.
  1666 | D:3      | Found a deep blue altar of Sif Muna.
  1669 | D:3      | Identified Sif Muna's Volume of Changing
  1888 | D:3      | Noticed Natasha
  1899 | D:3      | Killed Natasha
  2053 | D:3      | Reached skill level 5 in Shields
  2269 | D:4      | Reached XP level 6. HP: 25/38 MP: 6/6
  2346 | D:4      | Found Sules's Armour Shoppe.
  2520 | D:4      | Found a staircase to the Ecumenical Temple.
  2788 | D:5      | Entered Level 5 of the Dungeon
  2793 | D:5      | Gained mutation: You evolve. [potion of mutation]
  2793 | D:5      | Gained mutation: Your large and strong wings let you fly indefinitely. [potion of mutation]
  3017 | D:5      | Reached XP level 7. HP: 42/42 MP: 7/7
  3169 | D:5      | Reached skill level 5 in Maces & Flails
  3169 | D:5      | Reached skill level 6 in Shields
  3292 | D:6      | Found a bloodstained altar of Trog.
  3299 | D:6      | Became a worshipper of Trog the Wrathful
  3398 | D:6      | Found Sonouhat's Distillery.
  3414 | D:6      | Found Eric's Gadget Boutique.
  3496 | D:6      | Reached skill level 5 in Armour
  3618 | D:6      | Reached XP level 8. HP: 16/48 MP: 8/8
  3870 | D:6      | Noticed Fingolfin's ghost (novice MiFi)
  3890 | D:6      | Killed Fingolfin's ghost
  3890 | D:6      | Reached skill level 7 in Shields
  3955 | D:6      | Reached skill level 1 in Dodging
  3990 | D:6      | Found a glowing silver altar of Zin.
  4111 | D:6      | Reached skill level 8 in Shields
  4111 | D:6      | Reached XP level 9. HP: 32/52 MP: 9/9
  4114 | D:6      | Reached * piety under Trog
  4557 | D:6      | Found a sacrificial altar of Ru.
  4660 | D:6      | Reached skill level 9 in Shields
  4857 | D:6      | Reached skill level 1 in Stealth
  4872 | D:7      | Noticed Menkaure
  4881 | D:7      | Found a snail-covered altar of Cheibriados.
  5380 | D:7      | Killed Menkaure
  5446 | D:7      | Noticed Pikel
  5489 | D:7      | Killed Pikel
  5489 | D:7      | Reached skill level 10 in Shields
  5511 | D:7      | Reached XP level 10. HP: 26/58 MP: 10/10
  5534 | D:7      | Reached ** piety under Trog
  5768 | D:7      | Noticed Prince Ribbit
  5782 | D:7      | Killed Prince Ribbit
  5782 | D:7      | Reached skill level 5 in Fighting
  5800 | D:7      | Found a hazy altar of Hepliaklqana.
  6076 | D:8      | Noticed Maurice
  6101 | D:8      | Noticed a two-headed ogre
  6103 | D:8      | Noticed a kobold demonologist
  6111 | D:8      | Noticed a smoke demon
  6118 | D:8      | HP: 3/88 [two-headed ogre/giant club (5)]
  6119 | D:8      | HP: 1/88 [hornet (3)]
  6119 | D:8      | Slain by a two-headed ogre

Skill      XL: |  1  2  3  4  5  6  7  8  9 10 |
---------------+-------------------------------+-----
Armour         | 4 5 6 7 |  7.5
Shields        | 4 5 6 8 10 | 10.7
Maces & Flails | 3 4 5 6 7 8 |  8.0
Fighting       | 4 5 |  5.1
Dodging        | 1 |  1.3
Stealth        | 1 |  1.0

Action                   |  1- 3 |  4- 6 |  7- 9 | 10-12 || total
-------------------------+-------+-------+-------+-------++-------
Melee: Flail             |   107 |   355 |   529 |   136 ||  1127
Invok: Berserk           |       |       |       |     2 ||     2
       Trog's Hand       |       |       |       |     2 ||     2
  Use: Potion            |       |     7 |     5 |     1 ||    13
       Scroll            |       |     6 |     7 |       ||    13
  Eat: Chunk             |       |     3 |     9 |     1 ||    13
       Bread ration      |       |     1 |       |     1 ||     2
Armor: Scale mail        |    20 |       |       |       ||    20
       Plate armour      |    59 |   243 |   417 |    65 ||   784
       Skin              |       |       |       |    12 ||    12
Dodge: Dodged            |    26 |    35 |    71 |    21 ||   153
Block: Shield            |    15 |       |       |       ||    15
       Large shield      |    73 |   366 |   630 |   196 ||  1265
